[Event "Titled Tuesday Blitz April 11 Late 2023"]
[White "Prieto Aranguren, Alain"]
[Black "Hajiyev, Kanan"]
[WhiteFideId "2268906"]
[BlackFideId "13404148"]
[WhiteElo "2209"]
[BlackElo "2103"]
[Result "0-1"]
[Round "03"]
[TimeControl "180+2"]
[Date "2023.04.11"]
[WhiteClock "0:00:01"]
[BlackClock "0:00:05"]

1. d4 Nf6 2. c4 e6 3. Nc3 Bb4 4. Bd2 c5 5. d5 exd5 6. cxd5 O-O 7. a3 Ba5 8. g3 Re8 9. Bg2 d6 10. Qc2 Bg4 11. h3 Bh5 12. f4 h6 13. f5 Nbd7 14. g4 Nxg4 15. hxg4 Bxg4 16. O-O-O Qf6 17. Ne4 Bxd2+ 18. Rxd2 Qe5 19. Qc3 Qf4 20. e3 Qe5 21. Qxe5 Rxe5 22. Nxd6 Rxe3 23. Nh3 Ne5 24. Nxb7 Rb8 25. Nxc5 Rd8 26. d6 Rc8 27. b4 a5 28. Kb2 Rd8 29. d7 Nc4+ 30. Kc2 Nxd2 31. Kxd2 Rxa3 32. Bc6 Bxf5 33. Re1 Bxd7 0-1


[Site "https://www.chess.com"]

[Event "Titled Tuesday Blitz April 11 Late 2023"]
[White "Jimenez Almeida, Luis David"]
[Black "Grot, Blazej"]
[WhiteFideId "22242244"]
[BlackFideId "21835845"]
[WhiteElo "2245"]
[BlackElo "1823"]
[Result "1-0"]
[Round "03"]
[TimeControl "180+2"]
[Date "2023.04.11"]
[WhiteClock "0:00:07"]
[BlackClock "0:00:08"]

1. e4 d6 2. d4 Nf6 3. Nc3 c6 4. a4 a5 5. Nf3 Bg4 6. h3 Bh5 7. Be2 e6 8. Be3 Be7 9. Qd2 d5 10. e5 Nfd7 11. g4 Bg6 12. h4 h5 13. gxh5 Bxh5 14. Ng5 Bxe2 15. Nxe2 c5 16. f4 Nc6 17. c3 cxd4 18. Nxd4 Nxd4 19. Bxd4 Qc7 20. O-O-O Qc4 21. Qc2 b5 22. axb5 a4 23. Kb1 a3 24. b3 Qxb5 25. Ka2 Rb8 26. f5 exf5 27. e6 Nf6 28. Bxf6 Bxf6 29. Nxf7 O-O 30. h5 Qb6 31. Rhe1 Rfe8 32. Ne5 Rxe6 33. Nd7 Qd6 34. Rxe6 Qxd7 35. Qxf5 Qb7 36. Qxd5 Qxd5 37. Rxd5 Kf7 38. Re2 Rh8 39. Kxa3 Bxc3 40. b4 Ra8+ 41. Kb3 Bf6 42. b5 Rh8 43. Kc4 Rc8+ 44. Rc5 Ra8 45. b6 Rb8 46. Kb5 Bd4 47. Rc7+ Kf6 48. b7 Be5 49. Rc6+ Kf5 50. Kb6 Kf4 51. Rc4+ Kf3 52. Rxe5 Rf8 53. Re6 g5 54. hxg6 Rg8 55. g7 Kg3 56. Kc7 Rxg7+ 57. Kb6 Rg8 58. Rec6 Kg2 59. Rc8 Rg6+ 60. R4c6 Rg3 61. b8=Q Rb3+ 62. Kc7 Rg3 63. Rd8 Kh1 64. Rh8+ Kg1 65. Rg8 Kh1 66. Rxg3 Kh2 67. Rh3+ Kxh3 68. Rh6+ Kg4 69. Rh4+ Kf5 70. Qb5+ Kg6 71. Rh6+ Kf7 72. Qf5+ Kg8 73. Qg6+ Kf8 74. Qf6+ Kg8 75. Rh8# 1-0


[Site "https://www.chess.com"]

[Event "Titled Tuesday Blitz April 11 Late 2023"]
[White "Lesbekova, Assel"]
[Black "Kokoszczynski, Jan"]
[WhiteFideId "13713248"]
[BlackFideId "1174460"]
[WhiteElo "1799"]
[BlackElo "2139"]
[Result "0-1"]
[Round "03"]
[TimeControl "180+2"]
[Date "2023.04.11"]
[WhiteClock "0:01:36"]
[BlackClock "0:00:50"]

1. e4 e5 2. Nf3 Nc6 3. Bc4 Bc5 4. O-O Nf6 5. d3 d6 6. h3 h6 7. c3 Bb6 8. Re1 O-O 9. a4 a6 10. Nbd2 Re8 11. Nf1 Be6 12. Ng3 Bxc4 13. dxc4 Ne7 14. b4 Ng6 15. Nf5 Ba7 16. N3h4 Nxh4 17. Nxh4 Qd7 18. Qf3 Nh7 19. Nf5 Re6 20. Qg4 g6 21. Nxh6+ Kh8 22. Qf3 Rf6 23. Qg4 Bxf2+ 24. Kh2 Qxg4 25. Nxg4 Bxe1 26. Nxf6 Nxf6 27. Bg5 Nxe4 0-1


[Site "https://www.chess.com"]

[Event "Titled Tuesday Blitz April 11 Late 2023"]
[White "Dilmukhametov, Artur"]
[Black "Przybylski, Wojciech"]
[WhiteFideId "24179922"]
[BlackFideId "1117599"]
[WhiteElo "2199"]
[BlackElo "2222"]
[Result "1-0"]
[Round "03"]
[TimeControl "180+2"]
[Date "2023.04.11"]
[WhiteClock "0:01:49"]
[BlackClock "0:00:30"]

1. e4 c5 2. f4 d5 3. exd5 Nf6 4. Bb5+ Bd7 5. Bxd7+ Qxd7 6. c4 e6 7. dxe6 fxe6 8. Nf3 Nc6 9. O-O Bd6 10. Nc3 Bxf4 11. d3 Bxc1 12. Rxc1 O-O 13. Qe2 Rad8 14. Rfd1 Nd4 15. Nxd4 Qxd4+ 16. Kh1 Ng4 17. Ne4 Nf2+ 18. Nxf2 Qxf2 19. Qxe6+ Kh8 20. Qe5 Rxd3 21. h3 Rg3 22. Qd5 b6 23. Rf1 1-0


[Site "https://www.chess.com"]

[Event "Titled Tuesday Blitz April 11 Late 2023"]
[White "Osmonbekov, Talaibek"]
[Black "Dobre, Claudiu-Cristian"]
[WhiteFideId "2017253"]
[BlackFideId "1211854"]
[WhiteElo "2135"]
[BlackElo "2207"]
[Result "1-0"]
[Round "03"]
[TimeControl "180+2"]
[Date "2023.04.11"]
[WhiteClock "0:00:14"]
[BlackClock "0:00:01"]

1. d4 f5 2. Bf4 Nf6 3. Nc3 d6 4. d5 g6 5. f3 Bg7 6. e4 fxe4 7. fxe4 O-O 8. Qd2 c6 9. O-O-O Ng4 10. Nh3 Nd7 11. dxc6 bxc6 12. Bc4+ Kh8 13. Be6 Nde5 14. Ng5 h6 15. Bxe5 Nxe5 16. Bxc8 Qxc8 17. Nf3 Nc4 18. Qd3 Ne5 19. Nxe5 Bxe5 20. Rdf1 Qe6 21. g3 Kh7 22. b3 a5 23. a4 Bg7 24. Ne2 Qe5 25. Nf4 Qb2+ 26. Kd2 Qa3 27. e5 Rf5 28. Nxg6 Rxf1 29. Rxf1 Kg8 30. Nxe7+ Kh8 31. Ng6+ Kg8 32. Ne7+ Kh8 33. exd6 Qb4+ 34. Ke2 Qg4+ 35. Rf3 Rd8 36. Ng6+ Kg8 37. Ne7+ Kh8 38. Kf2 Qe6 39. Ng6+ Kg8 40. Ne7+ Kh8 41. Qg6 Qxg6 42. Nxg6+ Kh7 43. Ne7 Rxd6 44. Nf5 Rd2+ 45. Ke3 Rxc2 46. Nxg7 Kxg7 47. Kd4 c5+ 48. Kd5 Rxh2 49. Kxc5 Rb2 50. Kb5 Kg6 51. Kxa5 Kg5 52. b4 Kg4 53. Rc3 Rf2 54. b5 Rf8 55. b6 Rf7 56. Ka6 1-0


[Site "https://www.chess.com"]

[Event "Titled Tuesday Blitz April 11 Late 2023"]
[White "Chemin, Justo Reinaldo"]
[Black "Lorenzo De La Riva, Lazaro"]
[WhiteFideId "2101580"]
[BlackFideId "2268809"]
[WhiteElo "1940"]
[BlackElo "2294"]
[Result "1/2-1/2"]
[Round "03"]
[TimeControl "180+2"]
[Date "2023.04.11"]
[WhiteClock "0:00:09"]
[BlackClock "0:00:16"]

1. e4 c6 2. d4 d5 3. Nc3 dxe4 4. Nxe4 Bf5 5. Ng3 Bg6 6. Nf3 Nd7 7. Bd3 e6 8. h4 Ngf6 9. h5 Bxd3 10. Qxd3 Qa5+ 11. c3 h6 12. Bd2 Bd6 13. c4 Bb4 14. a3 Bxd2+ 15. Qxd2 Qxd2+ 16. Kxd2 O-O-O 17. Ke2 c5 18. Rhd1 cxd4 19. Rxd4 Nc5 20. Rad1 Rxd4 21. Rxd4 Rd8 22. Rxd8+ Kxd8 23. b4 Ncd7 24. Nd4 Ne5 25. c5 a6 26. a4 Kc7 27. b5 Ned7 28. c6 bxc6 29. bxa6 Kb6 30. a7 Kxa7 31. Nxc6+ Kb6 32. Nd8 Ne5 33. f4 Nc4 34. Nxf7 Nb2 35. Nd8 Nxa4 36. Nxe6 Ne8 37. Nf5 Nc5 38. Nexg7 Nf6 39. Kf3 Ng8 40. g4 Kc6 41. g5 hxg5 42. fxg5 Nd7 43. h6 Ndf6 44. gxf6 Nxf6 45. Kf4 Nh7 46. Ke5 Kd7 47. Ne3 Ke7 48. Ng4 Kf7 49. Nf5 Kg6 50. Ne7+ Kf7 51. Nd5 Kg6 52. Nf4+ Kf7 53. Kf5 Nf8 54. Ne5+ Kg8 55. Ne6 Kh7 56. Kg5 Nxe6+ 57. Kf6 Nf8 58. Kf7 Kxh6 1/2-1/2


[Site "https://www.chess.com"]

[Event "Titled Tuesday Blitz April 11 Late 2023"]
[White "Urbina Perez, Juan Antonio"]
[Black "Barria Santos, Jose Guilherme"]
[WhiteFideId "2217368"]
[BlackFideId "1939300"]
[WhiteElo "2197"]
[BlackElo "2266"]
[Result "1-0"]
[Round "03"]
[TimeControl "180+2"]
[Date "2023.04.11"]
[WhiteClock "0:01:30"]
[BlackClock "0:00:55"]

1. c4 e5 2. d3 Nc6 3. Nf3 Nf6 4. a3 b6 5. g3 Bb7 6. Bg2 Nd4 7. O-O Nxf3+ 8. exf3 Bd6 9. Re1 O-O 10. Nc3 h6 11. d4 exd4 12. Qxd4 Bc5 13. Qd3 Re8 14. Bf4 Rxe1+ 15. Rxe1 d5 16. cxd5 Nxd5 17. Rd1 c6 18. b4 Be7 19. Nxd5 cxd5 20. Be3 Rc8 21. f4 Bf6 22. Bxd5 Bxd5 23. Qxd5 Qxd5 24. Rxd5 Rc3 25. a4 Ra3 26. a5 bxa5 27. bxa5 a6 28. Bb6 Kh7 29. Rd7 Kg6 30. h4 Kf5 31. Rxf7 Kg4 32. Kg2 1-0


[Site "https://www.chess.com"]

[Event "Titled Tuesday Blitz April 11 Late 2023"]
[White "Tomaszewski, Kacper"]
[Black "Tarnowska, Aleksandra"]
[WhiteFideId "1127373"]
[BlackFideId "1180967"]
[WhiteElo "2211"]
[BlackElo "1776"]
[Result "1-0"]
[Round "03"]
[TimeControl "180+2"]
[Date "2023.04.11"]
[WhiteClock "0:00:13"]
[BlackClock "0:00:01"]

1. c4 e5 2. e3 Nf6 3. Nc3 Bb4 4. Nge2 c6 5. a3 Ba5 6. b4 Bc7 7. d4 O-O 8. d5 d6 9. Ng3 Nbd7 10. Be2 Nb6 11. O-O a5 12. Rb1 axb4 13. axb4 Bd7 14. e4 Qe7 15. Be3 cxd5 16. cxd5 Na4 17. Nxa4 Bxa4 18. Qd2 Qd8 19. Rfc1 Bb6 20. Bd3 Ng4 21. Bxb6 Qxb6 22. h3 Nf6 23. Qg5 h6 24. Qh4 Qd4 25. Bf1 Rfc8 26. Nf5 Rxc1 27. Rxc1 Qxe4 28. Nxh6+ Kf8 29. Qxe4 Nxe4 30. Nf5 g6 31. Ne3 Nd2 32. Bd3 Nb3 33. Rc7 Ra7 34. Nc4 Bb5 35. Nxe5 Bxd3 36. Nxd3 Nd4 37. Rd7 Ne2+ 38. Kh2 Ra3 39. Ne1 Ra1 40. Nf3 Rb1 41. Rxb7 Rb2 42. b5 Kg7 43. b6 1-0


[Site "https://www.chess.com"]

[Event "Titled Tuesday Blitz April 11 Late 2023"]
[White "Roberson, Peter T"]
[Black "Levine, David"]
[WhiteFideId "412384"]
[BlackFideId "2011611"]
[WhiteElo "2346"]
[BlackElo "2040"]
[Result "1-0"]
[Round "03"]
[TimeControl "180+2"]
[Date "2023.04.11"]
[WhiteClock "0:00:33"]
[BlackClock "0:00:01"]

1. d4 d5 2. c4 dxc4 3. e3 Nf6 4. Bxc4 e6 5. Nf3 c5 6. O-O Nc6 7. b3 cxd4 8. exd4 Be7 9. Bb2 O-O 10. Nbd2 b6 11. Rc1 Bb7 12. Re1 Rc8 13. Ne5 Nxe5 14. dxe5 Nd7 15. Qg4 Rc5 16. Qg3 Qc7 17. Bd3 Rxc1 18. Rxc1 Qb8 19. Ne4 Bxe4 20. Bxe4 Nc5 21. Bb1 Rd8 22. h4 Qb7 23. h5 h6 24. Re1 Nd7 25. Bc1 Kh8 26. Bf4 Qd5 27. Qe3 Bf8 28. Be4 Qc5 29. Qf3 Nxe5 30. Bxe5 Qxe5 31. Qxf7 Qf6 32. Qxa7 Bc5 33. Rf1 Rf8 34. Bf3 Qg5 35. Qd7 Rxf3 36. Qe8+ Rf8 37. Qxe6 1-0


[Site "https://www.chess.com"]

[Event "Titled Tuesday Blitz April 11 Late 2023"]
[White "Aggelis, Nikolaos"]
[Black "Eisa Mohmood, Alkhoori"]
[WhiteFideId "4213220"]
[BlackFideId "9316116"]
[WhiteElo "2189"]
[BlackElo "1310"]
[Result "1-0"]
[Round "03"]
[TimeControl "180+2"]
[Date "2023.04.11"]
[WhiteClock "0:01:48"]
[BlackClock "0:00:32"]

1. c4 Nf6 2. g3 g6 3. Bg2 Bg7 4. Nf3 O-O 5. b3 Ne4 6. d4 c5 7. Bb2 d5 8. O-O dxc4 9. bxc4 Nc6 10. e3 cxd4 11. Nxd4 Nxd4 12. Bxd4 Nd6 13. Bxg7 Kxg7 14. Qd4+ f6 15. Nc3 Be6 16. Bxb7 Nxb7 17. Nd5 Bxd5 18. cxd5 Qd7 19. Rab1 Nd6 20. Rfc1 Rfc8 21. h4 Rxc1+ 22. Rxc1 Rc8 23. Rxc8 Nxc8 24. Qc5 Nb6 25. e4 Qd6 26. Qc3 Qe5 27. Qd2 Qxe4 28. d6 Qd5 29. Qxd5 Nxd5 30. d7 1-0


[Site "https://www.chess.com"]

[Event "Titled Tuesday Blitz April 11 Late 2023"]
[White "Hartikainen, Jarmo"]
[Black "Karamsetty, Jeevan"]
[WhiteFideId "503134"]
[BlackFideId "2025337"]
[WhiteElo "2108"]
[BlackElo "2111"]
[Result "0-1"]
[Round "03"]
[TimeControl "180+2"]
[Date "2023.04.11"]
[WhiteClock "0:00:01"]
[BlackClock "0:00:04"]

1. e4 g6 2. d4 d6 3. Nc3 Bg7 4. Be3 a6 5. Be2 b5 6. a3 Bb7 7. g4 Nd7 8. h4 h6 9. Qd2 c5 10. f3 Rc8 11. Nh3 Qa5 12. Kf2 cxd4 13. Bxd4 Ngf6 14. Rad1 O-O 15. Be3 Ne5 16. Bxh6 Qb6+ 17. Be3 Qc7 18. h5 Nc4 19. Bxc4 Qxc4 20. hxg6 fxg6 21. Nf4 g5 22. Nfd5 Nxg4+ 23. Kg2 Bxd5 24. Nxd5 Nxe3+ 25. Qxe3 Qxc2+ 26. Rd2 Qc5 27. Nxe7+ Kf7 28. Qxc5 Rxc5 29. Nf5 Be5 30. Rh7+ Kg8 31. Rd7 Bf4 32. Rd1 Rc2+ 33. Kh3 Rh2+ 34. Kg4 Rg2+ 35. Kh3 Rh2+ 36. Kg4 Rf6 37. Rg1 Rh7 0-1


[Site "https://www.chess.com"]

[Event "Titled Tuesday Blitz April 11 Late 2023"]
[White "Gurevich, Dmitry"]
[Black "Manzone, Alessandro"]
[WhiteFideId "2000407"]
[BlackFideId "112488"]
[WhiteElo "2506"]
[BlackElo "2255"]
[Result "0-1"]
[Round "03"]
[TimeControl "180+2"]
[Date "2023.04.11"]
[WhiteClock "0:00:39"]
[BlackClock "0:00:20"]

1. d4 Nf6 2. c4 e6 3. Nf3 Bb4+ 4. Bd2 a5 5. g3 d6 6. Bg2 Nbd7 7. O-O e5 8. d5 O-O 9. h3 Bxd2 10. Qxd2 Nc5 11. Nc3 b6 12. Qc2 Nh5 13. Nd2 f5 14. Bf3 Nf6 15. Bg2 Qe8 16. b3 Qh5 17. Nf3 e4 18. Nh2 f4 19. g4 Qe5 20. Rad1 h5 21. f3 e3 22. Nb5 Rf7 23. Qc3 Qxc3 24. Nxc3 g5 25. gxh5 Nxh5 26. Ng4 Kg7 27. Rb1 Ng3 28. Rfd1 Bf5 29. Rbc1 Raf8 30. Re1 Nd7 31. Nb5 Nf6 32. a3 Rh8 33. b4 axb4 34. axb4 Kg6 35. c5 dxc5 36. bxc5 Nxd5 37. Ne5+ Kg7 38. Nxf7 Kxf7 39. cxb6 cxb6 40. Nd6+ Ke6 41. Nxf5 Kxf5 42. Rc2 Ke5 43. Rd1 Rd8 44. Rb2 Rd6 45. h4 gxh4 46. Bh3 Rg6 47. Kh2 Nc3 48. Rb5+ Nxb5 0-1


[Site "https://www.chess.com"]

[Event "Titled Tuesday Blitz April 11 Late 2023"]
[White "Girsh, Daniel"]
[Black "Thorfinnsson, Bjorn"]
[WhiteFideId "30949190"]
[BlackFideId "2300982"]
[WhiteElo "2075"]
[BlackElo "2395"]
[Result "1-0"]
[Round "03"]
[TimeControl "180+2"]
[Date "2023.04.11"]
[WhiteClock "0:00:12"]
[BlackClock "0:00:30"]

1. e4 e5 2. Nf3 Nc6 3. Bc4 Nf6 4. d3 Bc5 5. c3 d6 6. O-O a6 7. a4 Ba7 8. Be3 h6 9. b4 g5 10. Bxa7 Nxa7 11. d4 Qe7 12. dxe5 dxe5 13. Nbd2 Bd7 14. Qb3 O-O 15. Rfe1 Nc8 16. Nf1 Nd6 17. Ng3 Rfd8 18. Rad1 Bg4 19. Rd3 b5 20. Bd5 Rac8 21. Bc6 Be6 22. Qc2 Bc4 23. Rdd1 Qe6 24. Qc1 Bb3 25. Nxg5 hxg5 26. Qxg5+ Kf8 27. Qh6+ Ke7 28. Rxd6 Rxd6 29. Nf5+ Kd8 30. Qf8+ Ne8 31. Nxd6 cxd6 32. Bxe8 Qxe8 33. Qxd6+ Qd7 34. Qf6+ Kc7 35. Qxa6 Qc6 36. Qa5+ Qb6 37. axb5 Qxa5 38. bxa5 Rd8 39. Rb1 Bc4 40. b6+ Kb7 41. f3 Rd3 42. Rb4 Ba6 43. c4 Rc3 44. Kf1 Bxc4+ 45. Kf2 Ba6 46. Kg3 Rc5 47. Kg4 Rxa5 48. Kf5 Ra2 49. g4 Rxh2 50. Rb1 Rf2 51. Kxe5 Rxf3 52. g5 Bc4 53. Rc1 Bb3 54. Rg1 Kxb6 55. g6 f6+ 56. Kd6 Bg8 57. g7 Rf4 58. Ke7 Rxe4+ 59. Kf8 Bd5 60. Rd1 Be6 61. Rd6+ Kc5 62. Rxe6 Rxe6 63. g8=Q Kd5 64. Kf7 Ke5 65. Qb8+ Kf5 66. Qc8 1-0


[Site "https://www.chess.com"]

[Event "Titled Tuesday Blitz April 11 Late 2023"]
[White "Omelja, Artem"]
[Black "Golubev, Mikhail"]
[WhiteFideId "14119846"]
[BlackFideId "14100983"]
[WhiteElo "2404"]
[BlackElo "2374"]
[Result "1/2-1/2"]
[Round "03"]
[TimeControl "180+2"]
[Date "2023.04.11"]
[WhiteClock "0:00:42"]
[BlackClock "0:00:01"]

1. e4 c5 2. Nf3 d6 3. Bb5+ Bd7 4. Bxd7+ Qxd7 5. O-O Nf6 6. Re1 Nc6 7. c3 e6 8. d4 cxd4 9. cxd4 d5 10. exd5 Nxd5 11. Nc3 Be7 12. Bg5 O-O 13. Bxe7 Ndxe7 14. Qd3 Rad8 15. Rad1 Nf5 16. d5 Nb4 17. Qe4 Nxd5 18. Nxd5 exd5 19. Qf4 Rfe8 20. Rxe8+ Rxe8 21. g4 Ne7 22. h3 Nc6 23. Nd4 Re4 24. Qf5 Qxf5 25. Nxf5 g6 26. Ng3 Rd4 27. Rxd4 Nxd4 28. f4 Kf8 29. Kf2 Ke7 30. Ke3 Nc6 31. a3 Ke6 32. b4 a6 33. Ne2 h6 34. h4 h5 35. f5+ Ke5 36. fxg6 fxg6 37. gxh5 gxh5 38. Nf4 d4+ 39. Kf3 Kf5 40. Nxh5 Ne5+ 41. Ke2 Kg4 42. Nf6+ Kxh4 43. a4 Kg5 44. Ne4+ Kf4 45. Nd6 b6 46. b5 axb5 47. axb5 Nd7 48. Kd3 Ke5 49. Nc8 Nc5+ 50. Kc4 d3 51. Kc3 Ke4 52. Nxb6 Ke3 53. Nc4+ Ke2 54. Kd4 Na4 55. Kd5 d2 56. Nxd2 Kxd2 57. Kc4 Nb6+ 58. Kc5 Na4+ 59. Kb4 Nb6 60. Ka5 Nc4+ 61. Ka6 Kc3 62. b6 Nxb6 1/2-1/2


[Site "https://www.chess.com"]

[Event "Titled Tuesday Blitz April 11 Late 2023"]
[White "Zarnicki, Pablo"]
[Black "Garcia Cuenca, Victor"]
[WhiteFideId "100137"]
[BlackFideId "2250829"]
[WhiteElo "2468"]
[BlackElo "2329"]
[Result "1-0"]
[Round "03"]
[TimeControl "180+2"]
[Date "2023.04.11"]
[WhiteClock "0:01:52"]
[BlackClock "0:02:07"]

1. d4 d6 2. e4 c6 3. Nc3 g6 4. f4 Bg7 5. Nf3 b5 6. Bd3 a6 7. O-O Bb7 8. Qe1 Nf6 9. Bd2 O-O 10. Qh4 c5 11. dxc5 dxc5 12. e5 Nd5 13. Rad1 c4 14. Be2 Qb6+ 15. Kh1 Ne3 16. Qf2 1-0


[Site "https://www.chess.com"]

[Event "Titled Tuesday Blitz April 11 Late 2023"]
[White "Mickiewicz, Piotr"]
[Black "Karas, Marek"]
[WhiteFideId "1114891"]
[BlackFideId "14928558"]
[WhiteElo "2246"]
[BlackElo "2233"]
[Result "1-0"]
[Round "03"]
[TimeControl "180+2"]
[Date "2023.04.11"]
[WhiteClock "0:00:10"]
[BlackClock "0:00:04"]

1. Nf3 Nf6 2. b3 g6 3. Bb2 Bg7 4. e3 O-O 5. Be2 d6 6. c4 e5 7. d4 Nc6 8. d5 Ne7 9. Nc3 Nd7 10. O-O h6 11. Nd2 f5 12. b4 Kh7 13. Nb3 Nf6 14. f3 g5 15. Qc2 Ng6 16. Bd3 Ng8 17. c5 Kh8 18. cxd6 cxd6 19. Nb5 a6 20. Nc7 Rb8 21. Ne6 Bxe6 22. dxe6 N8e7 23. g4 e4 24. fxe4 fxg4 25. Bxg7+ Kxg7 26. Nd4 Ne5 27. Nf5+ Nxf5 28. exf5 Rc8 29. Qb2 Qf6 30. Qe2 Rc3 31. Rad1 Rfc8 32. Bb1 Nf3+ 33. Rxf3 gxf3 34. Qd2 Qe5 35. e4 R8c6 36. a4 b5 37. axb5 axb5 38. Kf1 Kf6 39. Kg1 h5 40. Kf1 R3c4 41. h4 Qf4 42. hxg5+ Qxg5 43. Qxg5+ Kxg5 44. Kf2 Rc3 45. Rg1+ Kf4 46. e7 Rc2+ 47. Bxc2 Rxc2+ 48. Ke1 Ke3 49. Kd1 Rd2+ 50. Kc1 Ra2 51. Re1+ Kd3 52. e8=Q f2 53. Rd1+ Ke2 54. Qxh5+ Ke3 55. Qg5+ Ke2 56. Qg4+ Ke3 57. Qg3+ Ke2 58. Rd2+ Rxd2 59. Qg4+ Ke3 60. Qg5+ Ke2 61. Qxd2+ Kf3 62. Qxf2+ Kxf2 63. f6 Ke3 64. f7 1-0


[Site "https://www.chess.com"]

[Event "Titled Tuesday Blitz April 11 Late 2023"]
[White "Vifleemskaia, Svetlana"]
[Black "Manea, Alexandru"]
[WhiteFideId "4129490"]
[BlackFideId "1207660"]
[WhiteElo "1930"]
[BlackElo "2226"]
[Result "1-0"]
[Round "03"]
[TimeControl "180+2"]
[Date "2023.04.11"]
[WhiteClock "0:00:07"]
[BlackClock "0:01:38"]

1. d4 a6 2. e4 g6 3. c4 c6 4. a4 b5 5. axb5 cxb5 6. cxb5 Bg7 7. Nc3 Bb7 8. Nf3 axb5 9. Rxa8 Bxa8 10. Bxb5 Nf6 11. Qe2 O-O 12. O-O d5 13. e5 Ne4 14. Bd3 Nxc3 15. bxc3 Nc6 16. e6 f6 17. h4 Qd6 18. h5 f5 19. hxg6 hxg6 20. Ng5 Nd8 21. Re1 Rf6 22. g3 Bb7 23. Bf4 Qb6 24. Be5 Rf8 25. Bxg7 Kxg7 26. Qe5+ Rf6 27. Kg2 Bc8 28. Rh1 Nxe6 29. Nh7 Qc6 30. Nxf6 exf6 31. Qb8 Qxc3 32. Qa7+ Nc7 33. Qb8 Ne6 34. Qa7+ Nc7 35. Rb1 Bd7 36. Rb7 Qxd3 37. Rxc7 Qe4+ 38. Kh2 Qf3 39. Rxd7+ Kh6 40. Rh7+ Kg5 41. Qa2 Qd3 42. Rh4 f4 43. Rxf4 f5 44. Qa7 Kh6 45. Qe7 g5 46. Qf6+ Kh5 47. Rxf5 Kg4 48. Qxg5# 1-0


[Site "https://www.chess.com"]

[Event "Titled Tuesday Blitz April 11 Late 2023"]
[White "Hirneise, Jens"]
[Black "Skaric, Djuro"]
[WhiteFideId "24614734"]
[BlackFideId "934569"]
[WhiteElo "2345"]
[BlackElo "2282"]
[Result "1-0"]
[Round "03"]
[TimeControl "180+2"]
[Date "2023.04.11"]
[WhiteClock "0:00:46"]
[BlackClock "0:00:24"]

1. d4 d6 2. c4 g6 3. Nc3 Bg7 4. Nf3 Nf6 5. g3 O-O 6. Bg2 Nc6 7. O-O h6 8. Bf4 Nd7 9. h4 e5 10. dxe5 Ndxe5 11. Nxe5 dxe5 12. Be3 Be6 13. Nd5 f5 14. Qd2 Kh7 15. h5 g5 16. f4 gxf4 17. gxf4 e4 18. Bf2 Rf7 19. Kh2 Ne7 20. Rad1 Bxd5 21. cxd5 Nc8 22. Bh3 Nd6 23. Rg1 Qe8 24. Bd4 e3 25. Qd3 Bxd4 26. Qxd4 Qe7 27. Rg6 Rg8 28. Rdg1 Rfg7 29. Qe5 Qf7 30. Qe6 Qxe6 31. dxe6 Rxg6 32. hxg6+ Rxg6 33. Rc1 c6 34. e7 Re6 35. Rd1 Rxe7 36. Rxd6 1-0


[Site "https://www.chess.com"]

[Event "Titled Tuesday Blitz April 11 Late 2023"]
[White "Ozalp, Burak"]
[Black "Korkmaz, Necmettin"]
[WhiteFideId "6314210"]
[BlackFideId "6303285"]
[WhiteElo "2106"]
[BlackElo "2097"]
[Result "1-0"]
[Round "03"]
[TimeControl "180+2"]
[Date "2023.04.11"]
[WhiteClock "0:00:25"]
[BlackClock "0:00:15"]

1. c4 e5 2. g3 Nf6 3. Bg2 d5 4. cxd5 Nxd5 5. Nc3 Nb6 6. b3 Be7 7. Bb2 O-O 8. d3 Nc6 9. Nf3 Be6 10. O-O Qd7 11. Re1 Bh3 12. Bh1 f6 13. Rc1 Nd4 14. Ne4 c6 15. Nc5 Bxc5 16. Rxc5 Rfe8 17. Nd2 Rad8 18. Ne4 Qg4 19. Bxd4 exd4 20. Bf3 Qd7 21. Qd2 Nd5 22. Rec1 Bg4 23. Bg2 f5 24. f3 fxe4 25. fxg4 e3 26. Qb2 Qxg4 27. R1c4 Nf6 28. Bf3 Qd7 29. b4 Qd6 30. Qb3 Kh8 31. b5 cxb5 32. Qxb5 b6 33. Rc6 Qa3 34. Qg5 Qxa2 35. Rc7 Qa1+ 36. Kg2 Rg8 37. Rf7 Qe1 38. Rxf6 Qf2+ 39. Kh3 Qf1+ 40. Kh4 Qg1 41. h3 gxf6 42. Qxf6+ Rg7 43. Qxd8+ Rg8 44. Qf6+ Rg7 45. Rc8# 1-0


[Site "https://www.chess.com"]

[Event "Titled Tuesday Blitz April 11 Late 2023"]
[White "Ferreira, Vitor Hugo Vieira"]
[Black "Rodriguez Santiago, Jaime"]
[WhiteFideId "2119765"]
[BlackFideId "3100898"]
[WhiteElo "2146"]
[BlackElo "2025"]
[Result "1-0"]
[Round "03"]
[TimeControl "180+2"]
[Date "2023.04.11"]
[WhiteClock "0:02:19"]
[BlackClock "0:01:39"]

1. Nf3 Nf6 2. g3 e6 3. Bg2 d5 4. O-O b6 5. c4 c5 6. cxd5 exd5 7. d4 Be7 8. Nc3 O-O 9. Bg5 Bb7 10. Ne5 cxd4 11. Qxd4 Ne4 12. Bxe7 Qxe7 13. Nxd5 Bxd5 14. Qxd5 Nf6 15. Qxa8 Qxe5 16. Qxa7 Qxb2 17. Rab1 Qxe2 18. Rxb6 Nbd7 19. Rb7 Ne5 20. Qe3 Qxe3 21. fxe3 Nc4 22. Rfb1 Nxe3 23. Rb8 Nxg2 24. Rxf8+ Kxf8 25. Kxg2 Ke7 26. a4 Nd5 27. a5 Nc3 28. Rb7+ 1-0


[Site "https://www.chess.com"]

[Event "Titled Tuesday Blitz April 11 Late 2023"]
[White "Smith, Garrett L"]
[Black "Krishnan, Varun"]
[WhiteFideId "2024829"]
[BlackFideId "5054508"]
[WhiteElo "2047"]
[BlackElo "2341"]
[Result "1-0"]
[Round "03"]
[TimeControl "180+2"]
[Date "2023.04.11"]
[WhiteClock "0:00:16"]
[BlackClock "0:00:05"]

1. e4 e5 2. Nf3 Nc6 3. Bc4 Nf6 4. Ng5 d5 5. exd5 Na5 6. Bb5+ c6 7. dxc6 bxc6 8. Bd3 Nb7 9. O-O Be7 10. Re1 Qc7 11. Bf1 O-O 12. d3 Nc5 13. Nc3 h6 14. Nge4 Ncxe4 15. dxe4 Bc5 16. h3 Bd4 17. Qf3 Rb8 18. b3 Qa5 19. Bd2 Qc5 20. Rac1 Qa3 21. Ne2 Bb6 22. Bxh6 Ne8 23. Be3 Qxa2 24. Ng3 Nd6 25. Bd3 Qb2 26. Bd2 Nb5 27. Bb4 Re8 28. Rb1 Qd4 29. Bd2 Qd6 30. Be3 Nd4 31. Qh5 Qf8 32. Rbd1 g6 33. Qh6 Qxh6 34. Bxh6 a5 35. Ra1 Ne6 36. Bd2 Ra8 37. Ra2 Nc5 38. Bc4 Be6 39. Rea1 Bxc4 40. bxc4 a4 41. Bb4 Rab8 42. Bxc5 Bxc5 43. Rxa4 Rb2 44. R4a2 Rb4 45. Ra4 Rb2 46. Ra5 Bd4 47. Ne2 Rxc2 48. Nxd4 exd4 49. Rc5 Rxe4 50. Rd1 Ree2 51. Rxd4 Rxf2 52. Rg4 Kg7 53. Rxc6 Rfd2 54. Rg3 Rd1+ 55. Kh2 Rcc1 56. Rf3 Rh1+ 57. Kg3 Rc2 58. Rc7 Rg1 59. Rfxf7+ Kh6 60. Rh7+ Kg5 61. h4+ Kf6 62. Kf4 Rgxg2 63. Rc6# 1-0


[Site "https://www.chess.com"]

[Event "Titled Tuesday Blitz April 11 Late 2023"]
[White "Kohler, Aran"]
[Black "Hadzovic, Amir"]
[WhiteFideId "1002856"]
[BlackFideId "14402300"]
[WhiteElo "2010"]
[BlackElo "2294"]
[Result "0-1"]
[Round "03"]
[TimeControl "180+2"]
[Date "2023.04.11"]
[WhiteClock "0:00:06"]
[BlackClock "0:00:03"]

1. d4 d6 2. Bg5 g6 3. c3 Bg7 4. Nd2 Nf6 5. e3 O-O 6. Bd3 b6 7. Ngf3 Bb7 8. h4 h5 9. e4 Nbd7 10. Qb3 Nh7 11. e5 Nxg5 12. hxg5 e6 13. exd6 cxd6 14. O-O-O Rc8 15. Kb1 Bd5 16. Qc2 b5 17. Bxb5 Nb6 18. Bd3 Rb8 19. Ka1 a5 20. Nh4 Qxg5 21. Nxg6 fxg6 22. Bxg6 Rxf2 23. Rxh5 Qxg2 24. Qd3 Nc4 25. Nxc4 Bxc4 26. Bh7+ Kf7 27. Qxc4 Qg4 28. Qc7+ Kf6 29. Rhh1 Rbxb2 30. Bb1 Qe2 31. Qc4 Qxc4 32. Rhf1 Rxa2+ 33. Bxa2 Qxa2# 0-1


[Site "https://www.chess.com"]

[Event "Titled Tuesday Blitz April 11 Late 2023"]
[White "Kopacz, Grzegorz"]
[Black "Erzhanov, Arman"]
[WhiteFideId "1109880"]
[BlackFideId "4138821"]
[WhiteElo "2037"]
[BlackElo "2138"]
[Result "0-1"]
[Round "03"]
[TimeControl "180+2"]
[Date "2023.04.11"]
[WhiteClock "0:00:08"]
[BlackClock "0:00:09"]

1. c4 c5 2. Nc3 Nc6 3. g3 g6 4. Bg2 Bg7 5. Nf3 e6 6. O-O Nge7 7. e3 Nf5 8. b3 O-O 9. Bb2 d5 10. cxd5 exd5 11. d4 cxd4 12. Nxd4 Nfxd4 13. exd4 Bxd4 14. Qd2 Be6 15. Rad1 Qd7 16. Nxd5 Bxd5 17. Bxd4 Bxg2 18. Kxg2 Qd5+ 19. Kg1 Rad8 20. Be3 Qe4 21. Qc1 Ne5 22. f4 Nf3+ 23. Kf2 Nxh2 24. Kg1 Nxf1 25. Rxf1 Rd3 26. Bf2 Re8 27. Qc7 Qc6 28. Qa5 a6 29. Qg5 Rd5 30. Qh6 Re2 31. Qh4 Re8 32. Qg4 Rh5 0-1


[Site "https://www.chess.com"]